 Dungeon Crawl Stone Soup version 0.20-a0-1122-gb7cbeb9 (webtiles) character file.

4704 toast the Cleaver (level 10, -4/101 HPs)
             Began as a Hill Orc Fighter on May 14, 2017.
             Was an Elder of Okawaru.
             Slain by a two-headed ogre
             ... wielding a +0 giant spiked club
              (8 damage)
             ... on level 8 of the Dungeon.
             The game lasted 00:15:34 (6118 turns).

toast the Cleaver (Hill Orc Fighter)                Turns: 6118, Time: 00:15:35

Health: -4/101     AC: 19    Str: 23    XL:     10   Next: 45%
Magic:  17/17      EV:  5    Int:  8    God:    Okawaru [****..]
Gold:   308        SH: 13    Dex: 12    Spells: 9/9 levels left

rFire    + . .     SeeInvis .   e - +4 mace (curse)
rCold    + + .     Gourm    .   c - +0 shield
rNeg     . . .     Faith    .   r - +0 plate armour
rPois    .         Spirit   .   q - +2 hat
rElec    .         Reflect  +   y - scarf {rC+ rF+}
rCorr    .         Harm     .   u - +1 pair of gloves
MR       .....                  t - +0 pair of boots
Stlth    ..........             k - +2 amulet of reflection
Regen    0.3/turn               (no ring)
MPRegen  0.2/turn               (no ring)

@: no status effects
A: thin skeletal structure 1, cold resistance 1, robust 1, evolution 1
a: Heroism, Renounce Religion


You were on level 8 of the Dungeon.
You worshipped Okawaru.
Okawaru was greatly pleased with you.
You were hungry.

You visited 1 branch of the dungeon, and saw 9 of its levels.

You collected 308 gold pieces.

Inventory:

Hand Weapons
 a - a +1 war axe
 e - a cursed +4 mace (weapon)
Missiles
 v - 3 needles of sleeping
Armour
 c - a +0 shield (worn)
 q - a +2 hat (worn)
 r - a +0 plate armour (worn)
 t - a +0 pair of boots (worn)
 u - a +1 pair of gloves (worn)
 y - a scarf of resistance (worn)
Jewellery
 k - a +2 amulet of reflection (around neck)
 o - an uncursed ring of see invisible {unknown}
Wands
 b - a wand of lightning (8/15)
 i - a wand of digging (24/24)
 p - a wand of flame (0/48)
Scrolls
 l - 5 scrolls of teleportation
 s - a scroll of blinking
 x - a scroll of magic mapping
 z - a scroll of identify
 B - 2 scrolls of recharging
Potions
 d - 3 potions of might
 g - a potion of heal wounds
 h - 6 potions of curing
 j - 2 potions of brilliance
 w - 2 potions of berserk rage
 A - a potion of flight {unknown}
Comestibles
 f - 6 bread rations
 m - a royal jelly
 n - a meat ration


   Skills:
 + Level 9.7 Fighting
 * Level 13.9 Axes
 + Level 8.8 Armour
 + Level 6.9 Shields
 + Level 9.5 Invocations


You had 9 spell levels left.
You didn't know any spells.

Dungeon Overview and Level Annotations

Branches:
Dungeon (9/15)             Temple (0/1) D:6
   Lair: D:8-11         Orc: D:9-12

Altars:
Ashenzari
Gozag
Hepliaklqana
Makhleb
Okawaru
Ru
Trog
Uskayaw
Vehumet
Wu Jian
Xom

Shops:
D:6 %


Innate Abilities, Weirdness & Mutations

You have a somewhat thin skeletal structure. (Dex +2, Stealth)
Your flesh is cold resistant. (rC+)
You are robust. (+10% HP)
You evolve.


Message History

There is a stone staircase leading down here.
A soldier ant comes into view.
The soldier ant twitches its antennae in your direction.
You closely miss the soldier ant. You block the soldier ant's attack.
You block the two-headed ogre's attack.
The two-headed ogre hits you with a giant club!
* * * LOW HITPOINT WARNING * * *
Your plate armour prevents you from hitting the soldier ant.
You block the soldier ant's attack.
Your plate armour prevents you from hitting the soldier ant.
The two-headed ogre hits you with a giant spiked club!
* * * LOW HITPOINT WARNING * * *
You block the two-headed ogre's attack.
The soldier ant stings you but does no damage.
You block the soldier ant's attack.
You are feeling hungry.
You block the soldier ant's attack.
The two-headed ogre hits you but does no damage.
The two-headed ogre hits you with a giant club!
You die...

# #.........#..#(###
#.#..#.#.#..........
.#..#.#.#...#.#.###
..##.#.#..##.#.### .( ..
.#................. #.##.#
###..#.####.##......
..#.########.a#......##......
...........a.O.......>.......
...####.###@.##########.....
######..# #..# #.....
#....#..# #..# #.....
'......<# #..# #####.....
#.....#.## #.# #...
.........# #.....#..# #.#
##.## ###....##
......#..###.# #.# #.#.##.
......#...##.# .# #.#.##.
.####.#.#.##.# #.#.###


You could see a two-headed ogre and 2 soldier ants.

Vanquished Creatures
  A two-headed ogre (D:8)
  A wyvern (D:8)
  2 soldier ants (D:8)
  3 phantoms
  2 sky beasts
  3 ice beasts
  5 ogres
  The ghost of Malificent the Twirler, an amateur DsGl (D:3)
  A crocodile (D:7)
  A bullfrog (D:7)
  A water moccasin zombie (D:6)
  2 scorpions
  A water moccasin skeleton (D:8)
  8 wights (D:7)
  4 howler monkeys
  A centaur zombie (D:8)
  3 crimson imps
  2 bullfrog zombies
  3 hounds
  3 orc priests
  A jelly (D:6)
  3 iguanas
  7 orc wizards
  Ijyb (D:3)
  Terence (D:3)
  5 worker ants
  A hound skeleton (D:4)
  A worker ant zombie (D:7)
  5 adders
  2 howler monkey skeletons
  3 shadow imps (D:7)
  An ooze (D:2)
  2 adder zombies
  An adder skeleton (D:5)
  2 worms (D:4)
  2 dart slugs
  5 leopard geckos
  16 orcs
  2 ball pythons (D:3)
  6 bats
  4 giant cockroaches
  12 goblins
  2 hobgoblins
  A quokka (D:4)
  8 frilled lizards
  A jackal zombie (D:7)
  11 kobolds
  14 rats
168 creatures vanquished.

Notes
Turn   | Place    | Note
-------+----------+-------------------------------------------
     0 | D:1      | toast the Hill Orc Fighter began the quest for the Orb.
     0 | D:1      | Reached XP level 1. HP: 19/19 MP: 1/1
   245 | D:1      | Reached skill level 3 in Axes
   246 | D:1      | Reached XP level 2. HP: 25/27 MP: 2/2
   560 | D:1      | Reached XP level 3. HP: 33/33 MP: 3/3
   794 | D:2      | Found an iron altar of Okawaru.
   802 | D:2      | Became a worshipper of Warmaster Okawaru
   941 | D:2      | Reached skill level 4 in Axes
  1137 | D:2      | Found an opulent altar of Gozag.
  1147 | D:2      | Reached XP level 4. HP: 40/40 MP: 4/4
  1777 | D:3      | Noticed Ijyb
  1781 | D:3      | Noticed Terence
  1793 | D:3      | Killed Terence
  1793 | D:3      | Reached skill level 1 in Invocations
  1794 | D:3      | Killed Ijyb
  1794 | D:3      | Reached XP level 5. HP: 41/47 MP: 5/5
  1848 | D:3      | Noticed Malificent's ghost (amateur DsGl)
  1869 | D:3      | Killed Malificent's ghost
  1869 | D:3      | Reached skill level 5 in Axes
  1873 | D:3      | Reached skill level 10 in Axes
  1873 | D:3      | Reached XP level 6. HP: 24/61 MP: 5/11
  1874 | D:3      | Reached skill level 12 in Axes
  1874 | D:3      | Reached skill level 5 in Shields
  1874 | D:3      | Reached XP level 7. HP: 27/70 MP: 5/13
  1956 | D:3      | Found an ornate altar of the Wu Jian Council.
  1976 | D:3      | Reached XP level 8. HP: 59/78 MP: 14/14
  2437 | D:4      | Found a hazy altar of Hepliaklqana.
  2677 | D:4      | Found a bloodstained altar of Trog.
  2737 | D:4      | Found a shattered altar of Ashenzari.
  2759 | D:4      | Reached * piety under Okawaru
  3098 | D:4      | Found a faded altar of an unknown god.
  3098 | D:4      | Found a shimmering altar of Xom.
  3103 | D:4      | Found a sacrificial altar of Ru.
  3105 | D:4      | Found a hide-covered altar of Uskayaw.
  3107 | D:4      | Found a faded altar of an unknown god.
  3217 | D:5      | Entered Level 5 of the Dungeon
  3234 | D:5      | Gained mutation: You evolve. [potion of mutation]
  3234 | D:5      | Gained mutation: You have a somewhat thin skeletal structure. (Dex +2, Stealth) [potion of mutation]
  3283 | D:5      | Gained mutation: You are robust. (+10% HP) [evolution]
  3460 | D:5      | Reached skill level 13 in Axes
  3823 | D:6      | Reached ** piety under Okawaru
  3823 | D:6      | Reached XP level 9. HP: 91/91 MP: 15/15
  4114 | D:6      | Found Gaepacs's Food Emporium.
  4250 | D:6      | Found a staircase to the Ecumenical Temple.
  4566 | D:7      | Gained mutation: Your flesh is cold resistant. (rC+) [evolution]
  4674 | D:7      | Found a radiant altar of Vehumet.
  4674 | D:7      | Found a burning altar of Makhleb.
  4869 | D:7      | Reached *** piety under Okawaru
  5369 | D:8      | Noticed a two-headed ogre
  5381 | D:8      | Killed a two-headed ogre
  5381 | D:8      | Received a gift from Okawaru
  5381 | D:8      | Reached XP level 10. HP: 89/101 MP: 15/17
  5902 | D:8      | Found a shattered altar of Ashenzari.
  6056 | D:8      | Reached **** piety under Okawaru
  6074 | D:8      | Noticed a two-headed ogre
  6117 | D:8      | HP: 3/101 [two-headed ogre/giant spiked club (11)]
  6118 | D:8      | Slain by a two-headed ogre

Vault maps used:
D:1:      wheals_arrival_linesprint
D:2:      old_standard_altar, old_standard_altar, minmay_misc_feat_alley,
          st_stairs_10
D:3:      wad_pebble_path, old_standard_altar, first_bread, uniq_terence,
          uniq_ijyb
D:4:      kennysheep_mini_moat, lemuel_crystal_altar,
          chequers_temple_overflow_minitemple, evilmike_ruin_ashenzari
D:5:      grunt_ministairs_10
D:6:      minmay_temple_entry_glassed_door, serial_shops, nicolae_shop_stone
D:7:      grunt_temple_overflow_lords_of_destruction
D:8:      marbit_many_paths, minivault_29
D:9:      nicolae_qazlal_eye_of_the_storm, serial_shops, nicolae_shop_stone

Skill      XL: |  1  2  3  4  5  6  7  8 |
---------------+-------------------------+-----
Axes           | 3 4 10 12 13 | 13.9
Fighting       | 4 7 9 |  9.7
Invocations    | 1 7 8 9 |  9.5
Shields        | 4 5 6 |  6.9
Armour         | 7 8 |  8.8

Action                   |  1- 3 |  4- 6 |  7- 9 | 10-12 || total
-------------------------+-------+-------+-------+-------++-------
Melee: War axe           |    94 |    89 |   362 |    17 ||   562
       Mace              |       |       |       |    80 ||    80
  Use: Scroll            |       |     2 |    16 |     1 ||    19
       Potion            |       |     3 |     8 |       ||    11
  Eat: Chunk             |     1 |     2 |    12 |     2 ||    17
Armor: Scale mail        |    50 |    36 |    81 |       ||   167
       Plate armour      |       |       |    28 |    39 ||    67
Dodge: Dodged            |    31 |    24 |    61 |    14 ||   130
Block: Shield            |    52 |    49 |   110 |    62 ||   273
       Reflection        |       |       |     2 |       ||     2
